 Dungeon Crawl Stone Soup version 0.18.1-5-g4a78601 (webtiles) character file.

43 Scarto the Skirmisher (level 3, -1/29 HPs)
             Began as a Demonspawn Fighter on May 10, 2016.
             Slain by a worm (5 damage)
             ... on level 2 of the Dungeon.
             The game lasted 00:01:13 (894 turns).

Scarto the Skirmisher (Demonspawn Fighter)           Turns: 894, Time: 00:01:14

Health: -1/29      AC:  6    Str: 17    XL:     3   Next: 37%
Magic:  3/3        EV:  5    Int:  9    God:
Gold:   101        SH: 13    Dex: 12    Spells: 0 memorised, 2 levels left

rFire  . . .     SeeInvis .     a - +0 trident
rCold  . . .     Gourm    .     b - +0 scale mail
rNeg   . . .     Faith    .     i - +0 large shield
rPois  .         Spirit   .     (no helmet)
rElec  .         Dismiss  .     (no cloak)
rCorr  .         Reflect  .     (no gloves)
SustAt .         Harm     .     (no boots)
MR     .....                    (no amulet)
Stlth  ..........               (no ring)
                                (no ring)

@: lethally poisoned (-1 -> -2), not resistant to hostile enchantments,
extremely unstealthy
A: hooves 1, rot immunity
a: no special abilities


You were on level 2 of the Dungeon.
You were not hungry.

You visited 1 branch of the dungeon, and saw 2 of its levels.

You collected 101 gold pieces.

Inventory:

Hand Weapons
 a - a +0 trident (weapon)
Armour
 b - a +0 scale mail (worn)
 i - a +0 large shield (worn)
Jewellery
 n - a cursed amulet of inaccuracy {unknown}
Scrolls
 c - 2 scrolls of recharging {unknown}
 e - a scroll of fog {unknown}
 g - 4 scrolls of identify {unknown}
 h - 2 scrolls of teleportation {unknown}
 k - 2 scrolls of remove curse {unknown}
 m - a scroll of fear {unknown}
 p - a scroll of enchant weapon {unknown}
Potions
 d - a potion of might
 j - 3 potions of heal wounds {unknown}
 l - 2 potions of degeneration {unknown}
 o - a potion of lignification {unknown}
Comestibles
 f - a bread ration


   Skills:
 + Level 3.4 Fighting
 + Level 2.0 Polearms
 + Level 3.2 Armour
 + Level 0.8 Dodging
 + Level 0.2 Stealth
 + Level 2.8 Shields


You had 2 spell levels left.
You didn't know any spells.

Dungeon Overview and Level Annotations

Branches:
Dungeon (2/15)

Altars:


Innate Abilities, Weirdness & Mutations

You have large cloven feet.
You are immune to rotting.


Message History

You are too injured to fight recklessly!
You are too injured to fight recklessly!
You are too injured to fight recklessly!
You are too injured to fight recklessly!
You are too injured to fight recklessly!
You are too injured to fight recklessly!
You hit the worm but do no damage. You kick the worm, but do no damage.
The worm is moderately wounded.
You feel sick.
You hit the worm. You kick the worm, but do no damage.
The worm is moderately wounded.
The worm bites you.
* * * LOW HITPOINT WARNING * * *
You hit the worm. You kick the worm, but do no damage.
The worm is heavily wounded.
You block the worm's attack.
You puncture the worm! You kick the worm, but do no damage.
The worm is almost dead.
You feel sick. The worm bites you.
You die...

### #..........##..
########
..###..##.......##..#
#.#....##.......###..
#...##..#........ ##
#######........# #
####.......# .# #
#..........#####...$ .....
.....###......#.w...#
##### #### #.......@#####
######...##......###
..........#######.†.#
########....#######.###.[.
#.................#
#....##########..## ######
##


You could see a worm.

Vanquished Creatures
  An adder (D:2)
  2 dart slugs
  A giant gecko (D:1)
  4 bats (D:1)
  A giant cockroach (D:1)
  6 goblins
  4 hobgoblins
  2 jackals (D:1)
  2 ball pythons (D:1)
  2 giant newts (D:2)
  3 rats (D:2)
28 creatures vanquished.

Notes
Turn   | Place    | Note
--------------------------------------------------------------
     0 | D:1      | Scarto the Demonspawn Fighter began the quest for the Orb.
     0 | D:1      | Reached XP level 1. HP: 18/18 MP: 1/1
    78 | D:1      | Gained mutation: You have large cloven feet. [demonic ancestry]
    78 | D:1      | Reached XP level 2. HP: 10/24 MP: 2/2
   779 | D:2      | Gained mutation: You are immune to rotting. [demonic ancestry]
   779 | D:2      | Reached XP level 3. HP: 29/29 MP: 3/3
   894 | D:2      | Slain by a worm

Skill      XL: |  1  2  3 |
---------------+----------+-----
Armour         | 3 |  3.2
Polearms       | 2 |  2.0
Fighting       | |  3.4
Dodging        | |  0.8
Stealth        | |  0.2
Shields        | |  2.8

Action                   || total
-------------------------++-------
Melee: Trident           ||   147
       Kick              ||    30
Armor: Scale mail        ||    57
Dodge: Dodged            ||    31
Block: Shield            ||    17
       Large shield      ||    71
